Description

none

Build Order

Get SALT Encoding   

  13  0:12  Overlord  
  17  0:53  Hatchery  
  18  1:10  Extractor  
  18  1:19  Spawning Pool  
  19  1:40  Overlord  
  21  2:06  Zergling x4, Queen x2  
  25  2:12  Metabolic Boost  keep droning
  31  2:41  Queen  
  31  2:44  Overlord  build overlords every time you make cocoons from now on
  44  3:39  Roach Warren  second queen finishes, drones are full
  43  3:43  Hatchery  
  44  3:50  Extractor x2  
  48  4:07  Zergling x4  
  50  4:21  Roach x4  maybe some more units if the opponent is agressive, but drones are priority
  64  4:44  Queen  
  72  5:09  Evolution Chamber x2, Lair, Extractor  
  77  5:26  Zergling   about 10-20 lings
  87  5:37  Zerg Ground Armor Level 1  
  87  5:44  Zerg Missile Weapons Level 1  
  87  5:49  Extractor x2  3rd hatch droned up
  97  6:12  Glial Reconstitution  
  97  6:13  Roach  Mass roaches/ravagers
Spawning Tool Build Advisor. Get it on Overwolf

Analysis

bone

Go to:

Details

  • Created by: Beeperdp
  • Published on: Nov 26, 2016
  • Modified on: Nov 26, 2016
  • Patch: Pre-3.8.0
Show
View Real Time Build Order
Export as new Build Order

Comments (1)

On Nov. 27, 2016, 7:37 p.m., BergerBadger  said:

This is the exact same build as Lowko's already posted: http://lotv.spawningtool.com/build/9932/

Create an account to comment!